 Dungeon Crawl Stone Soup version 0.20.0-15-g7f486f2 (webtiles) character file.

2027 Hook the Cutter (level 9, -2/52 HPs)
             Began as a Kobold Enchanter on June 21, 2017.
             Was a Follower of Dithmenos.
             Slain by an orc warrior (19 damage)
             ... on level 6 of the Dungeon.
             The game lasted 00:30:14 (9178 turns).

Hook the Cutter (Kobold Enchanter)                  Turns: 9178, Time: 00:30:14

Health: -2/52      AC:  9    Str:  5    XL:     9   Next: 47%
Magic:  3/18       EV: 19    Int: 21    God:    Dithmenos [*.....]
Gold:   316        SH:  0    Dex: 16    Spells: 8/20 levels left

rFire    . . .     SeeInvis .   a - +1 dagger
rCold    . . .     Gourm    .   (shield restricted)
rNeg     . . .     Faith    .   b - +0 robe
rPois    .         Spirit   .   x - +0 helmet
rElec    .         Reflect  .   g - +2 cloak
rCorr    .         Harm     .   (no gloves)
MR       .....                  t - +0 pair of boots
Stlth    +++.......             (no amulet)
Regen    0.2/turn               (no ring)
MPRegen  0.2/turn               (no ring)

@: wreathed by umbra, drained
A: slimy green scales 1, carnivore 3, clever 1
a: Renounce Religion


You were on level 6 of the Dungeon.
You worshipped Dithmenos.
Dithmenos was aware of your devotion.
You were very full.

You visited 2 branches of the dungeon, and saw 8 of its levels.

You collected 316 gold pieces.

Inventory:

Hand Weapons
 a - a +1 dagger (weapon)
Missiles
 w - 4 tomahawks (quivered)
Armour
 b - a +0 robe (worn)
 g - a +2 cloak (worn)
 t - a +0 pair of boots (worn)
 x - a +0 helmet (worn)
Magical Staves
 u - an uncursed staff of wizardry {unknown}
Jewellery
 f - an uncursed ring of wizardry {unknown}
 y - an uncursed amulet of rage {unknown}
 z - an uncursed ring of ice {unknown}
Wands
 o - a wand of iceblast (11/15)
 p - a wand of random effects (23/48)
 q - a wand of digging (12/24)
Scrolls
 j - a scroll of fog
 k - a scroll of teleportation
 m - 3 scrolls of identify
Potions
 e - a potion of berserk rage
 h - a potion of resistance {unknown}
 i - 3 potions of curing
 n - a potion of agility {unknown}
 r - 2 potions of lignification
 s - a potion of haste {unknown}
 v - a potion of cancellation {unknown}
Books
 c - a book of Maledictions

   Spells                             Type                      Level
   a - Corona                         Hexes                        1
   b - Ensorcelled Hibernation        Hexes/Ice                    2
   c - Confuse                        Hexes                        3
   d - Tukima's Dance                 Hexes                        3
   e - Dazzling Spray                 Conjuration/Hexes            3
Comestibles
 d - 6 meat rations
 l - a royal jelly


   Skills:
 * Level 4.1(3.6) Fighting
 * Level 6.8(6.3) Short Blades
 * Level 6.5(6.0) Dodging
 - Level 5.6(5.1) Stealth
 + Level 6.2(5.7) Spellcasting
 + Level 0.4(0.0) Conjurations
 - Level 4.4(4.0) Hexes
 + Level 3.7(3.2) Ice Magic


You had 8 spell levels left.
You knew the following spells:

 Your Spells              Type           Power        Failure   Level  Hunger
a - Corona                Hex            ###....      1%          1    None
b - Ensorcelled Hibernat  Hex/Ice        ###...       3%          2    None
c - Confuse               Hex            ###.....     6%          3    ##.....
d - Dazzling Spray        Conj/Hex       ##....       13%         3    ##.....
e - Tukima's Dance        Hex            ###.....     6%          3    ##.....


Dungeon Overview and Level Annotations

Branches:
Dungeon (7/15)             Temple (1/1) D:5

Altars:
Ashenzari
Cheibriados
Dithmenos
Elyvilon
Fedhas
Gozag
Hepliaklqana
Kikubaaqudgha
Makhleb
Nemelex Xobeh
Okawaru
Qazlal
Ru
Sif Muna
Trog
Uskayaw
Vehumet
Xom
Yredelemnul
Zin
The Shining One

Shops:
D:7 (


Innate Abilities, Weirdness & Mutations

You are small and have problems with some larger weapons.
You are carnivorous and can eat meat at any time.
You are partially covered in slimy green scales. (AC +2)
Your mind is acute. (Int +2)


Message History

You barely miss the orc warrior.
The orc warrior is moderately wounded.
The orc warrior completely misses you.
You barely miss the orc warrior.
The orc warrior is moderately wounded.
The orc warrior hits your war axe!
Your war axe falls from the air.
You hit the orc warrior but do no damage.
The orc warrior is moderately wounded.
The orc warrior is no longer blind.
You closely miss the orc warrior.
The orc warrior is moderately wounded.
The orc warrior misses you.
Casting: Dazzling Spray
Confirm with . or Enter, or press ? or * to list all spells.
Aiming: Confuse
Press: ? - help, Shift-Dir - straight line, f/p - orc warrior
Aim: an orc warrior, wearing a plate armour (moderately wounded, umbra, chance to defeat MR: 51%)
The orc warrior appears confused.
The orc warrior hits you!!
You die...

##..#####...# #..##
#..### #.## ###..#
#.# #...## #.# #.#.#
#.# #.#.# #.####...#
######.##....#####
#>.o@......#.....####
#.)........#####.....
#..........# ######
#..........#
#..........#
#..........#
#..........#
############


You could see an orc warrior (confused).

Vanquished Creatures
  Pikel (D:4)
  Edmund (D:4)
  A slave (D:4)
  A sky beast (D:5)
  An ogre (D:5)
  A centaur (D:6)
  Blork the orc (D:4)
  A bullfrog (D:6)
  4 scorpions
  2 wights (D:6)
  A bullfrog zombie (D:5)
  5 hounds
  An orc wizard (D:4)
  Crazy Yiuf (D:2)
  A jelly (D:5)
  Jessica (D:2)
  A centaur skeleton (D:6)
  An iguana (D:4)
  Ijyb (D:4)
  Terence (D:2)
  5 worker ants
  A hound zombie (D:5)
  A hound skeleton (D:4)
  A gnoll (D:6)
  A howler monkey zombie (D:3)
  7 adders
  2 shadow imps
  4 oozes
  2 adder skeletons
  3 worms
  4 dart slugs
  3 leopard geckos
  10 orcs
  5 giant cockroaches
  11 hobgoblins
  9 jackals
  6 quokkas
  A ball python (D:4)
  9 bats
  4 frilled lizards
  13 goblins
  A jackal skeleton (D:4)
  10 kobolds
  A leopard gecko skeleton (D:6)
  A quokka skeleton (D:4)
  12 rats
155 creatures vanquished.

Vanquished Creatures (collateral kills)
  3 wights (D:6)
3 creatures vanquished.

Vanquished Creatures (others)
  4 dancing weapons
  2 slaves (D:5)
  An ogre (D:5)
  A crimson imp (D:5)
  A bullfrog zombie (D:5)
  A goblin (D:5)
10 creatures vanquished.

Grand Total: 168 creatures vanquished

Notes
Turn   | Place    | Note
-------+----------+-------------------------------------------
     0 | D:1      | Hook the Kobold Enchanter began the quest for the Orb.
     0 | D:1      | Reached XP level 1. HP: 10/10 MP: 3/3
   435 | D:1      | Reached XP level 2. HP: 15/15 MP: 3/5
   711 | D:1      | Learned a level 2 spell: Ensorcelled Hibernation
  1208 | D:1      | Reached XP level 3. HP: 19/19 MP: 0/6
  1741 | D:2      | Noticed Jessica
  1776 | D:1      | Learned a level 3 spell: Confuse
  1952 | D:2      | Reached XP level 4. HP: 21/24 MP: 1/7
  2295 | D:2      | Found an opulent altar of Gozag.
  2296 | D:2      | Found a sparkling altar of Nemelex Xobeh.
  2726 | D:2      | Killed Jessica
  2757 | D:2      | Found a bloodstained altar of Trog.
  2768 | D:2      | Noticed Terence
  2885 | D:2      | Found a runed door.
  3020 | D:1      | Reached skill level 5 in Stealth
  3020 | D:1      | Reached XP level 5. HP: 17/28 MP: 0/8
  3211 | D:2      | Killed Terence
  3211 | D:2      | Reached skill level 1 in Ice Magic
  3350 | D:2      | Found a faded altar of an unknown god.
  3350 | D:2      | Found a glowing golden altar of the Shining One.
  3355 | D:2      | Found a hide-covered altar of Uskayaw.
  3357 | D:2      | Found a blossoming altar of Fedhas.
  3359 | D:2      | Found a deep blue altar of Sif Muna.
  3550 | D:2      | Gained mutation: Your mind is acute. (Int +2) [potion of mutation]
  3550 | D:2      | Gained mutation: You are partially covered in slimy green scales. (AC +2) [potion of mutation]
  3593 | D:2      | Learned a level 3 spell: Dazzling Spray
  3593 | D:2      | Noticed Crazy Yiuf
  3605 | D:2      | Killed Crazy Yiuf
  4040 | D:3      | Reached XP level 6. HP: 32/32 MP: 6/9
  4271 | D:2      | Reached skill level 1 in Fighting
  4980 | D:4      | Noticed Blork the orc
  4991 | D:4      | Killed Blork the orc
  5211 | D:4      | Reached XP level 7. HP: 39/39 MP: 10/12
  5340 | D:4      | Noticed Edmund
  5379 | D:4      | Killed Edmund
  5671 | D:4      | Noticed Ijyb
  5682 | D:4      | Killed Ijyb
  6172 | D:5      | Entered Level 5 of the Dungeon
  6174 | D:5      | Noticed Pikel
  6182 | D:4      | Reached XP level 8. HP: 37/45 MP: 9/14
  6286 | D:4      | Learned a level 3 spell: Tukima's Dance
  6431 | D:4      | Killed Pikel
  6431 | D:4      | Reached skill level 5 in Short Blades
  6431 | D:4      | Reached skill level 5 in Dodging
  6431 | D:4      | Reached skill level 5 in Spellcasting
  6642 | D:5      | Found a shimmering altar of Xom.
  7404 | D:5      | Reached XP level 9. HP: 51/51 MP: 6/17
  7779 | D:5      | Found a staircase to the Ecumenical Temple.
  7788 | Temple   | Entered the Ecumenical Temple
  7992 | Temple   | Became a worshipper of Dithmenos the Shadowed
  8964 | D:6      | Reached * piety under Dithmenos
  9142 | D:7      | Found Faten's Antique Weapon Emporium.
  9178 | D:6      | Slain by an orc warrior

Skill      XL: |  1  2  3  4  5  6  7  8  9 |
---------------+----------------------------+-----
Short Blades   | 2 3 4 5 6 |  6.8
Hexes          | 4 |  4.4
Dodging        | 3 4 5 6 |  6.5
Stealth        | 5 |  5.6
Ice Magic      | 1 2 3 |  3.7
Fighting       | 1 2 3 4 |  4.1
Spellcasting   | 3 4 5 6 |  6.2
Conjurations   | |  0.4

Action                   |  1- 3 |  4- 6 |  7- 9 || total
-------------------------+-------+-------+-------++-------
Melee: Dagger            |   129 |   198 |   386 ||   713
Throw: Stone             |    19 |       |     4 ||    23
 Cast: Corona            |    25 |    20 |    52 ||    97
       Ensorcelled Hiber |    10 |    40 |    60 ||   110
       Dazzling Spray    |       |     2 |     8 ||    10
       Confuse           |       |     3 |     4 ||     7
       Tukima's Dance    |       |       |    16 ||    16
  Use: Scroll            |     2 |     3 |     1 ||     6
       Potion            |       |     5 |       ||     5
 Stab: Sleeping          |    10 |    28 |    39 ||    77
       Confused          |       |     1 |     1 ||     2
       Invisible         |       |       |     1 ||     1
       Distracted        |       |       |     1 ||     1
  Eat: Chunk             |    11 |    14 |    13 ||    38
Armor: Robe              |    27 |    32 |    65 ||   124
Dodge: Dodged            |   102 |   160 |   267 ||   529
